 Dungeon Crawl Stone Soup version 0.30.1-3-gfc49f6343a (webtiles) character file.

Game seed: 1646111867071430586

144333 tykejmi the Executioner (level 16, -3/255 HPs)
             Began as a Minotaur Berserker on July 22, 2023.
             Was the Champion of Trog.
             Slain by a +0 eveningstar of flaming (20 damage)
             ... on level 2 of the Elven Halls.
             The game lasted 01:04:54 (39614 turns).

tykejmi the Executioner (Minotaur Berserker)       Turns: 39614, Time: 01:04:55

Health: -3/255     AC: 26    Str: 30    XL:     16   Next: 84%
Magic:  24/24      EV: 11    Int:  4    God:    Trog [******]
Gold:   2072       SH:  0    Dex: 18    Spells: 15/15 levels left

rFire   + + +        C - +8 executioner's axe "Kesul" {flame, rF++ rN+ Will+}
rCold   . . .        (shield currently unavailable)
rNeg    + . .        G - +2 plate armour {rF+}
rPois   .            j - +2 hat
rElec   .            d - +0 cloak
rCorr   .            (no gloves)
SInv    .            M - +1 pair of boots {Stlth+}
Will    +++++        m - amulet of faith Stlth
                     X - ring of the Forgotten Ears {rF+ Will+ MP+9 Dex+2}
HPRegen 1.62/turn    H - +6 ring of dexterity
MPRegen 0.19/turn

%: faith
@: mighty, berserking, strong-willed, regenerating, very quick
A: horns 2, retaliatory headbutt, passive freeze, robust 1, evolution 1
a: Renounce Religion, Berserk, Trog's Hand, Brothers in Arms


You were on level 2 of the Elven Halls.
You worshipped Trog.
Trog was exalted by your worship.
You visited 4 branches of the dungeon, and saw 24 of its levels.
You also visited: Bailey, Gauntlet and Ice Cave.

You collected 2878 gold pieces.
You spent 806 gold pieces at shops.

Inventory:

Hand Weapons
 a - a +4 executioner's axe of venom
 y - a +2 antimagic executioner's axe
 C - the +8 executioner's axe "Kesul" (weapon) {flame, rF++ rN+ Will+}
   (You acquired it in a bailey)

   rF:        It greatly protects you from fire.
   rN:        It protects you from negative energy.
   Will:      It increases your willpower.
Armour
 d - a +0 cloak (worn)
 j - a +2 hat (worn)
 p - +0 ice dragon scales
 G - a +2 plate armour of fire resistance (worn)
 M - a +1 pair of boots of stealth (worn)
Jewellery
 b - an amulet of regeneration
 g - a ring of flight
 m - an amulet of faith (around neck)
 t - a ring of willpower
 H - a +6 ring of dexterity (right hand)
 Q - a ring of resist corrosion
 X - the ring of the Forgotten Ears (left hand) {rF+ Will+ MP+9 Dex+2}
   (You found it in a Gauntlet)

   [ring of magical power]

   Dex:       It affects your dexterity (+2).
   rF:        It protects you from fire.
   MP:        It affects your magic capacity (+9).
   Will:      It increases your willpower.
Wands
 c - a wand of mindburst (20)
 f - a wand of polymorph (2)
 u - a wand of flame (40)
 A - a wand of iceblast (33)
 B - a wand of charming (12)
 Z - a wand of quicksilver (6)
Scrolls
 e - 3 scrolls of enchant weapon
 n - 8 scrolls of teleportation
 o - a scroll of fear
 s - 4 scrolls of blinking
 w - 3 scrolls of butterflies
 E - 4 scrolls of enchant armour
 N - 6 scrolls of magic mapping
 U - a scroll of fog
 W - 5 scrolls of identify
Potions
 h - 2 potions of resistance
 i - 11 potions of curing
 k - 3 potions of might
 l - 8 potions of magic
 q - 2 potions of berserk rage
 r - 5 potions of flight
 v - 3 potions of heal wounds
 x - 2 potions of lignification
 z - 2 potions of mutation
 D - 2 potions of invisibility
 F - 4 potions of cancellation
 K - 4 potions of haste
Miscellaneous
 I - a phial of floods
 J - a box of beasts
 O - a lightning rod (4/4)
 P - a condenser vane
 R - a phantom mirror


   Skills:
 * Level 17.5 Fighting
 * Level 24.9 Axes
 * Level 17.7 Armour
 + Level 4.1 Dodging
 * Level 7.1 Evocations


You had 15 spell levels left.
You didn't know any spells.
Your spell library was empty.

Dungeon Overview and Level Annotations

Branches:
Dungeon (15/15)            Temple (0/1) D:5            Lair (5/5) D:10
 Shoals (0/4) Lair:3        Snake (0/4) Lair:3        Slime (0/5) Lair:4
    Orc (2/2) D:9             Elf (2/3) Orc:2        Vaults (0/5) D:13
 Depths (0/4) D:15         Bailey (visited)           IceCv (visited)
Gauntlet (visited)

Altars:
Ashenzari
Cheibriados
Dithmenos
Elyvilon
Fedhas
Gozag
Kikubaaqudgha
Makhleb
Nemelex Xobeh
Trog
Uskayaw
Vehumet
Xom
Yredelemnul
The Shining One
Jiyva

Shops:
D:1 (   D:15 *   Orc:2 [(=*   Elf:1 *

Annotations:
D:4 Natasha
Elf:2 1 runed translucent door


Innate Abilities, Weirdness & Mutations

You have a pair of horns on your head.
You reflexively headbutt those who attack you in melee.
A frigid envelope surrounds you and freezes all who hurt you.
You are robust. (+10% HP)
You have hidden genetic potential.


Message History

You feel much better. Something hits you.
The deep elf knight shoots an arrow.
The arrow hits you!
Your skin crawls.
You feel strong-willed. Something hits you!
The +0 eveningstar of flaming hits you!!
* * * LOW HITPOINT WARNING * * *
The +0 eveningstar of flaming resists.
The +0 eveningstar of flaming is very cold.
The +0 eveningstar of flaming is lightly damaged.
The deep elf knight points at you and mumbles some strange words.
The shard of ice hits something!!
Reactivating autopickup.
You feel a bit more experienced.
The +0 eveningstar of flaming hits you but does no damage.
The +0 eveningstar of flaming resists.
The +0 eveningstar of flaming is very cold.
The +0 eveningstar of flaming is lightly damaged.
Okay, then.
Blink to where?
Press: ? - help, Dir - move target
Okay, then.
Okay, then.
A red film seems to cover your vision as you go berserk!
You feel yourself moving faster!
You feel mighty!
The deep elf knight shoots an arrow.
The arrow hits you!
* * * LOW HITPOINT WARNING * * *
The +0 eveningstar of flaming hits you!
* * * LOW HITPOINT WARNING * * *
The +0 eveningstar of flaming resists.
The +0 eveningstar of flaming is very cold.
The +0 eveningstar of flaming is lightly damaged.
A deep elf pyromancer comes into view. It is wielding a +0 long sword.
The deep elf knight shoots an arrow.
The arrow hits you!
* * * LOW HITPOINT WARNING * * *
You closely miss the +0 eveningstar of flaming.
Your headbutt misses the +0 eveningstar of flaming.
The +0 eveningstar of flaming is lightly damaged.
The +0 eveningstar of flaming hits you!!
You die...

..........#
##...
.........##
###'
........## #.
...##...##
#####' . .##
##...## #.....
e.. ##...#
#.<... ....#
##....# #.)...
......##)....#
#.....
...e(.)@....##
#.....
......(.....#
#.....
..........###
#.....
###########
#..... #.....
######


You could see a deep elf knight (fast), a deep elf pyromancer and 2 dancing
weapons.

Vanquished Creatures
  Rupert (Lair:3)
  A deep elf sorcerer (Elf:1)
  A frost giant (IceCv)
  The ghost of Fefoucap the Fencer, a journeyman HOMo of the Shining One (D:13)
  An orc warlord (Orc:2)
  Azrael (D:14)
  A deep elf annihilator (Elf:1)
  A minotaur (Gauntlet)
  A green death (Gauntlet)
  Josephine (D:14)
  A fire dragon (D:14)
  Harold (Lair:2)
  An ice dragon (Lair:5)
  3 vault guards (D:13)
  9 hydras
  2 catoblepae
  An ogre mage (D:15)
  A jorogumo (shapeshifter) (Elf:2)
  Erolcha (Orc:2)
  14 dancing weapons
  Erica (D:11)
  8 two-headed ogres
  9 death yaks (IceCv)
  3 centaur warriors
  A tengu warrior (D:15)
  4 boulder beetles
  A vampire mage (D:15)
  An orc high priest (Orc:2)
  Urug (Lair:1)
  2 skeletal warriors (D:15)
  11 deep elf knights
  A death drake (Gauntlet)
  16 deep elf zephyrmancers
  A tengu zombie (D:15)
  7 deep elf archers
  A wizard (D:15)
  2 lindwurms (Lair:5)
  A necromancer (D:15)
  5 orc knights (Orc:2)
  23 deep elf pyromancers
  12 ugly things
  5 orc sorcerers
  A frost giant zombie (D:15)
  6 manticores
  A fire giant zombie (D:15)
  4 cyclopes
  4 elephants (Lair:5)
  A spectral centaur (Gauntlet)
  Joseph (Lair:1)
  A centaur zombie (Gauntlet)
  2 merfolk sirens (Lair:3)
  A rust devil (Gauntlet)
  4 black mambas
  10 torpor snails
  2 gargoyles
  12 cane toads
  An ice statue (IceCv)
  Maggie (D:9)
  An efreet (D:14)
  An unseen horror (D:12)
  5 rime drakes (IceCv)
  A yaktaur (D:15)
  8 komodo dragons
  2 tengu conjurers (D:15)
  4 tyrant leeches (Lair:5)
  A queen bee (shapeshifter) (Elf:1)
  6 polar bears
  3 meliai (D:13)
  2 merfolk (Lair:3)
  6 trolls
  7 hornets (Lair:5)
  6 saltlings (Orc:2)
  13 blink frogs
  A meliai zombie (Gauntlet)
  An ettin zombie (D:15)
  3 dream sheep (Lair:2)
  3 slime creatures
  An air elemental (Elf:1)
  A jumping spider (shapeshifter) (D:14)
  3 vampires
  A ynoxinul (Gauntlet)
  50 yaks
  4 wyverns
  3 fire elementals
  A steam dragon (D:9)
  4 wraiths (D:14)
  3 basilisks
  A golden eye (shapeshifter) (Elf:1)
  An unseen horror simulacrum (D:9)
  5 vampire mosquitoes
  8 humans (D:13)
  Edmund (D:5)
  2 wargs (D:10)
  Menkaure (D:5)
  17 water moccasins
  An acid dragon (D:8)
  5 hell hounds (D:14)
  31 orc warriors
  A sky beast (D:4)
  An ice beast (D:6)
  4 black bears
  10 ogres
  28 wolves
  13 centaurs
  A phantom (D:6)
  5 kobold brigands
  Blork the orc (D:5)
  7 bullfrogs
  2 gnoll sergeants
  2 two-headed ogre simulacra (D:12)
  A scorpion (D:7)
  6 wights
  A hornet simulacrum (D:9)
  15 killer bees
  4 howler monkeys
  10 electric eels
  A lava snake (D:10)
  4 hounds (D:4)
  17 orc priests
  4 gnoll boudas
  5 iguanas
  6 jellies
  3 iron imps (Gauntlet)
  Natasha (twice) (D:4)
  15 orc wizards
  A sleepcap (D:5)
  7 hell rats (Lair:1)
  A spriggan simulacrum (D:12)
  2 troll simulacra (D:12)
  2 centaur simulacra
  Robin (D:2)
  45 gnolls
  10 adders
  3 naga simulacra (D:12)
  A shadow imp (D:8)
  A white imp (D:6)
  2 worms
  75 orcs
  5 ball pythons
  4 endoplasms
  3 giant cockroaches
  15 hobgoblins
  13 jackals
  16 kobolds
  8 quokkas
  A bat (D:1)
  2 frilled lizards
  24 goblins
  5 rats
846 creatures vanquished.

Vanquished Creatures (collateral kills)
  The ghost of HilariousDeathArtist the Fighter, a journeyman VSBe of Trog (D:13)
1 creature vanquished.

Vanquished Creatures (others)
  2 deep elf knights
  A human (D:13)
  An orc (D:6)
4 creatures vanquished.

Grand Total: 851 creatures vanquished

Notes
Turn   | Place    | Note
-------+----------+-------------------------------------------
     0 | D:1      | tykejmi the Minotaur Berserker began the quest for the Orb.
     0 | D:1      | Reached XP level 1. HP: 19/19 MP: 0/0
   232 | D:1      | Reached skill level 4 in Axes
   236 | D:1      | Reached XP level 2. HP: 23/27 MP: 1/1
   394 | D:1      | Found Fufrex's Antique Weapon Shoppe.
   850 | D:2      | Reached XP level 3. HP: 29/33 MP: 2/2
  1005 | D:2      | Noticed Robin
  1009 | D:2      | Found a faded altar of an unknown god.
  1017 | D:2      | Killed Robin
  1197 | D:2      | Reached ** piety under Trog
  1266 | D:2      | Reached XP level 4. HP: 28/41 MP: 3/3
  1925 | D:3      | Reached skill level 5 in Axes
  2282 | D:3      | Identified the +8 chain mail "Faef Run" {rF+ MP+9 Int+2
                  | Dex+2}
  2432 | D:3      | Identified the +9 sling of Fiozofao {elec, Will+ MP+9
                  | Dex+2}
  2574 | D:3      | Found a glowing golden altar of the Shining One.
  3140 | D:4      | Reached XP level 5. HP: 43/47 MP: 4/4
  3178 | D:4      | Noticed Natasha
  3189 | D:4      | Killed Natasha
  3190 | D:4      | Reached skill level 5 in Fighting
  3428 | D:4      | Reached skill level 6 in Axes
  3488 | D:4      | Reached XP level 6. HP: 56/56 MP: 5/5
  3606 | D:4      | Noticed a sky beast
  3620 | D:4      | Killed a sky beast
  3629 | D:4      | Noticed Natasha
  3645 | D:4      | Killed Natasha
  3646 | D:4      | Reached skill level 7 in Axes
  3757 | D:4      | Noticed Natasha
  3872 | D:4      | Reached *** piety under Trog
  3873 | D:4      | Reached XP level 7. HP: 53/61 MP: 6/6
  3920 | D:4      | Reached skill level 5 in Armour
  4432 | D:4      | Reached skill level 8 in Axes
  4940 | D:4      | Found a white marble altar of Elyvilon.
  4970 | D:4      | Reached **** piety under Trog
  5008 | D:4      | Reached XP level 8. HP: 68/71 MP: 7/7
  5192 | D:5      | Entered Level 5 of the Dungeon
  5241 | D:5      | Found a staircase to the Ecumenical Temple.
  5640 | D:5      | Reached skill level 9 in Axes
  5699 | D:5      | Noticed Blork the orc
  5709 | D:5      | Killed Blork the orc
  6768 | D:5      | Noticed Menkaure
  6772 | D:5      | Killed Menkaure
  6775 | D:5      | Noticed Edmund
  6800 | D:5      | Killed Edmund
  6801 | D:5      | Reached skill level 10 in Axes
  7352 | D:5      | Reached XP level 9. HP: 79/79 MP: 8/8
  7579 | D:6      | Found a shadowy altar of Dithmenos.
  7585 | D:6      | Noticed a two-headed ogre
  7602 | D:6      | Killed a two-headed ogre
  7603 | D:6      | Reached skill level 11 in Axes
  8631 | D:6      | Found a blossoming altar of Fedhas.
  8635 | D:6      | Found an opulent altar of Gozag.
  8638 | D:6      | Found a radiant altar of Vehumet.
  9210 | D:7      | Reached skill level 12 in Axes
  9780 | D:7      | Reached XP level 10. HP: 87/88 MP: 9/9
 10851 | D:8      | Found a shimmering altar of Xom.
 10852 | D:8      | Found a snail-covered altar of Cheibriados.
 10852 | D:8      | Found a sparkling altar of Nemelex Xobeh.
 10854 | D:8      | Found a broken altar of Ashenzari.
 10854 | D:8      | Found a basalt altar of Yredelemnul.
 10856 | D:8      | Found a bloodstained altar of Trog.
 10856 | D:8      | Found a hide-covered altar of Uskayaw.
 10857 | D:8      | Found a burning altar of Makhleb.
 10871 | D:8      | Reached skill level 10 in Armour
 11269 | D:8      | Reached skill level 13 in Axes
 11625 | D:9      | Noticed Maggie
 11643 | D:9      | Killed Maggie
 11672 | D:9      | Found a flagged portal.
 11684 | Bailey   | Entered a bailey
 11805 | Bailey   | Reached ***** piety under Trog
 12162 | Bailey   | Noticed an orc sorcerer
 12173 | Bailey   | Killed an orc sorcerer
 12277 | Bailey   | Acquired the +8 executioner's axe "Kesul" {flame, rF++ rN+
                  | Will+}
 12329 | Bailey   | Found an iron altar of Okawaru.
 12329 | Bailey   | Noticed an orc sorcerer
 12339 | Bailey   | Killed an orc sorcerer
 12431 | Bailey   | Reached skill level 14 in Axes
 13300 | D:9      | Noticed a two-headed ogre
 13303 | D:9      | Noticed a centaur warrior
 13304 | D:9      | Noticed a manticore
 13307 | D:9      | Killed a two-headed ogre
 13308 | D:9      | Reached XP level 11. HP: 97/97 MP: 10/10
 13308 | D:9      | Killed a centaur warrior
 13439 | D:9      | Reached skill level 15 in Axes
 13440 | D:9      | Noticed a deep elf pyromancer
 13451 | D:9      | Killed a deep elf pyromancer
 13507 | D:9      | Noticed a boulder beetle
 13515 | D:9      | Killed a boulder beetle
 13516 | D:9      | Reached skill level 10 in Fighting
 14417 | D:9      | Noticed a two-headed ogre
 14422 | D:9      | Killed a two-headed ogre
 14497 | D:9      | Found a staircase to the Orcish Mines.
 14765 | D:10     | Entered Level 10 of the Dungeon
 14862 | D:10     | Received a gift from Trog
 15387 | D:10     | Reached skill level 16 in Axes
 15702 | D:10     | Found a staircase to the Lair.
 15960 | D:11     | Noticed Erica
 15976 | D:11     | Killed Erica
 17408 | D:12     | Reached XP level 12. HP: 107/108 MP: 11/11
 17423 | D:12     | Identified the +8 spear of Atutoib {flame, Dex+5}
 17494 | D:12     | Found a frozen archway.
 17513 | IceCv    | Entered an ice cave
 17666 | IceCv    | Noticed a death yak
 17668 | IceCv    | Killed a death yak
 17668 | IceCv    | Noticed a death yak
 17669 | IceCv    | Reached skill level 17 in Axes
 17670 | IceCv    | Noticed a death yak
 17675 | IceCv    | Killed a death yak
 17683 | IceCv    | Killed a death yak
 18209 | IceCv    | Noticed a death yak
 18211 | IceCv    | Noticed a death yak
 18212 | IceCv    | Noticed a death yak
 18214 | IceCv    | Killed a death yak
 18218 | IceCv    | Killed a death yak
 18220 | IceCv    | Killed a death yak
 18499 | IceCv    | Noticed a death yak
 18502 | IceCv    | Noticed a death yak
 18507 | IceCv    | Killed a death yak
 18508 | IceCv    | Reached skill level 18 in Axes
 18512 | IceCv    | Killed a death yak
 18625 | IceCv    | Noticed a death yak
 18625 | IceCv    | Noticed a frost giant
 18638 | IceCv    | Killed a death yak
 18644 | IceCv    | Killed a frost giant
 18655 | IceCv    | Received a gift from Trog
 19161 | D:12     | Noticed a boulder beetle
 19173 | D:12     | Killed a boulder beetle
 19264 | D:12     | Reached XP level 13. HP: 107/118 MP: 12/12
 19398 | D:12     | Reached skill level 19 in Axes
 19997 | D:13     | Noticed HilariousDeathArtist's ghost (journeyman VSBe)
 19997 | D:13     | Noticed Fefoucap's ghost (journeyman HOMo)
 19997 | D:13     | Found a runed translucent gate.
 19997 | D:13     | Found a runed translucent gate.
 19997 | D:13     | Found a runed translucent gate.
 20012 | D:13     | Killed Fefoucap's ghost
 20013 | D:13     | Killed HilariousDeathArtist's ghost
 20064 | D:13     | Identified the +2 lajatang of Wukiclu {flame, Fragile rPois
                  | rF- Int+3 Dex+7}
 20291 | D:13     | Reached skill level 1 in Evocations
 22414 | D:13     | Reached skill level 20 in Axes
 22414 | D:13     | Reached skill level 15 in Armour
 22460 | D:13     | Found a gate to the Vaults.
 22549 | D:13     | Identified the +8 broad axe of Berhido {freeze, rC+ Stlth+}
 22728 | D:14     | Noticed a fire dragon
 22736 | D:14     | Killed a fire dragon
 22957 | D:14     | Noticed Azrael
 22969 | D:14     | Killed Azrael
 23241 | D:14     | Noticed Josephine
 23251 | D:14     | Killed Josephine
 23263 | D:14     | Reached XP level 14. HP: 128/129 MP: 13/13
 23630 | D:14     | Received a gift from Trog
 23709 | D:15     | Entered Level 15 of the Dungeon
 23709 | D:15     | Found Furchias's Demolitions Depot.
 24290 | D:15     | Reached skill level 21 in Axes
 24321 | D:15     | Paralysed by an ogre mage for 4 turns
 25266 | D:15     | Found a staircase to the Depths.
 26345 | Lair:1   | Entered Level 1 of the Lair of Beasts
 26451 | Lair:1   | Noticed Joseph
 26458 | Lair:1   | Killed Joseph
 26482 | Lair:1   | Noticed Urug
 26489 | Lair:1   | Killed Urug
 26497 | Lair:1   | Found a gate leading to a gauntlet.
 26510 | Gauntlet | Entered a Gauntlet
 26510 | Gauntlet | Found a transporter.
 26510 | Gauntlet | Found a transporter.
 26549 | Gauntlet | Found a transporter.
 26579 | Gauntlet | Found a transporter.
 26579 | Gauntlet | Found a large runed translucent door.
 26579 | Gauntlet | Noticed a cacodemon
 26580 | Gauntlet | Found a large runed translucent door.
 26581 | Gauntlet | Found a large runed translucent door.
 26581 | Gauntlet | Found a large runed translucent door.
 26581 | Gauntlet | Found the brooch of Shielding {Spirit SH+8}
 26582 | Gauntlet | Found a large runed translucent door.
 26582 | Gauntlet | Found a large runed translucent door.
 26582 | Gauntlet | Found a runed translucent gate.
 26582 | Gauntlet | Found a runed translucent door.
 26583 | Gauntlet | Found a large runed translucent door.
 26583 | Gauntlet | Found a transporter.
 26583 | Gauntlet | Found a runed translucent gate.
 26583 | Gauntlet | Found a transporter.
 26584 | Gauntlet | Found a large runed translucent door.
 26584 | Gauntlet | Found a runed translucent gate.
 26584 | Gauntlet | Found a runed translucent door.
 26586 | Gauntlet | Found a transporter.
 26591 | Gauntlet | Found a large runed translucent door.
 26591 | Gauntlet | Found a large runed translucent door.
 26592 | Gauntlet | Found a large runed translucent door.
 26593 | Gauntlet | Found a large runed translucent door.
 26602 | Gauntlet | Found a large runed translucent door.
 26602 | Gauntlet | Found a large runed translucent door.
 26613 | Gauntlet | Found a transporter.
 26622 | Gauntlet | Found a transporter.
 26633 | Gauntlet | Found a transporter.
 26642 | Gauntlet | Found a transporter.
 26687 | Gauntlet | Found a transporter.
 26701 | Gauntlet | Found a transporter.
 26786 | Gauntlet | Found a transporter.
 26801 | Gauntlet | Found a transporter.
 26819 | Gauntlet | Found a transporter.
 26834 | Gauntlet | Found a large runed translucent door.
 26834 | Gauntlet | Found a large runed translucent door.
 27211 | Gauntlet | Identified the ring of the Forgotten Ears {rF+ Will+ MP+9
                  | Dex+2}
 27745 | Gauntlet | Identified the staff of cold "Muhih" {Fly rC+ Int+4}
 27881 | Lair:1   | Reached skill level 22 in Axes
 28698 | Lair:2   | Received a gift from Trog
 29102 | Lair:2   | Reached XP level 15. HP: 139/139 MP: 14/14
 29167 | Lair:2   | Noticed Harold
 29265 | Lair:2   | Killed Harold
 29651 | Lair:3   | Reached skill level 5 in Evocations
 29678 | Lair:3   | Identified the +2 robe "Alont" {+Inv rPois Dex+3 SInv}
 29764 | Lair:3   | Found a staircase to the Shoals.
 30264 | Lair:3   | Found a staircase to the Snake Pit.
 30431 | Lair:3   | Noticed Rupert
 30443 | Lair:3   | Killed Rupert
 30591 | Lair:3   | Identified the +4 dagger of the Vestibule of Hell {drain,
                  | rC++ rCorr MP-9 Dex+2}
 30868 | Lair:3   | Gained mutation: You have hidden genetic potential. [potion
                  | of mutation]
 30868 | Lair:3   | Gained mutation: You are robust. (+10% HP) [potion of
                  | mutation]
 30908 | Lair:4   | Received a gift from Trog
 30972 | Lair:4   | Reached skill level 15 in Fighting
 31330 | Lair:4   | Found a viscous altar of Jiyva.
 31336 | Lair:4   | Found a staircase to the Slime Pits.
 31530 | Lair:4   | You fall into a shaft and drop 1 floor!
 31530 | Lair:5   | Entered Level 5 of the Lair of Beasts
 31541 | Lair:5   | Reached skill level 23 in Axes
 32098 | Lair:5   | Found a runed translucent door.
 32129 | Lair:5   | Received a gift from Trog
 32361 | Lair:5   | Paralysed by a hornet for 1 turns
 32855 | Lair:5   | Found a snail-covered altar of Cheibriados.
 33975 | Orc:1    | Entered Level 1 of the Orcish Mines
 34184 | Orc:2    | Entered Level 2 of the Orcish Mines
 34275 | Orc:2    | Received a gift from Trog
 34395 | Orc:2    | Noticed Erolcha
 34401 | Orc:2    | Killed Erolcha
 34556 | Orc:2    | Found Sediotie's Antique Armour Shop.
 34562 | Orc:2    | Bought a glowing plate armour for 806 gold pieces
 34619 | Orc:2    | Reached skill level 24 in Axes
 34622 | Orc:2    | Found Azuywoh's General Store.
 34630 | Orc:2    | Found Aciusch's Jewellery Shoppe.
 34917 | Orc:2    | Found Hucain's Antique Weapon Shoppe.
 34921 | Orc:2    | Reached XP level 16. HP: 159/166 MP: 15/15
 35092 | Orc:2    | Found a staircase to the Elven Halls.
 35214 | Orc:2    | Reached ****** piety under Trog
 35843 | Orc:1    | Received a gift from Trog
 35957 | Elf:1    | Entered Level 1 of the Elven Halls
 36257 | Elf:1    | Gained mutation: A frigid envelope surrounds you and
                  | freezes all who hurt you. [hidden potential]
 36355 | Elf:1    | Found Cuext's Antique Armour Emporium.
 36735 | Elf:1    | Found Pauntugi's Assorted Antiques.
 36756 | Elf:1    | Paralysed by an air elemental for 1 turns
 37603 | Elf:2    | Received a gift from Trog
 38686 | Elf:2    | Found an ancient bone altar of Kikubaaqudgha.
 39038 | Elf:2    | Found a runed translucent door.
 39072 | Elf:2    | Found a runed translucent door.
 39507 | Elf:2    | Received a gift from Trog
 39614 | Elf:2    | Slain by a +0 eveningstar of flaming

Illustrated notes

Levels and vault maps discovered:
D:1:      lightli_arrival_statue_moat, layout_loops_cross, serial_shops, shop
D:2:      layout_rooms, chequers_ecumenical_altar_island, uniq_robin
D:3:      layout_loops_ring, mainiacjoe_overflow_alcove_1,
          minmay_randomly_rotated_circles
D:4:      lemuel_castle_with_subvaults [lemuel_castle_interior_carwin_1],
          layout_layer_cave, mainiacjoe_overflow_alcove_4, due_unseen_surprise,
          uniq_natasha
D:5:      layout_basic, minmay_temple_entry_sparse_star, uniq_edmund,
          uniq_menkaure, uniq_blork_the_orc
D:6:      lemuel_ice_spiral_2, layout_basic, nicolae_dithmenos_the_darkroom,
          grunt_temple_overflow_diamond, serial_bayou, serial_bayou_shore_b,
          serial_bayou_lake_a, serial_bayou_lagoon_b, serial_bayou_pond_d,
          serial_bayou_shore_b
D:7:      layout_layer_cave, minmay_misc_feat_roman, chequers_decorated_corner,
          chequers_serial_rivers_micro_a
D:8:      layout_basic, grunt_temple_overflow_open
D:9:      minmay_the_grid_octo_triangle [minmay_the_grid_octo_odd_swirl,
          minmay_the_grid_octo_prize_ultimate_mussel_roller,
          minmay_the_grid_octo_pinwheel], layout_basic, orc_0_dummy,
          enter_bailey_3, uniq_maggie
D:10:     layout_roguey, erik_lair_orcish_takeover, kennysheep_cross_bottleneck
D:11:     layout_grid_maze, uniq_erica
D:12:     layout_cave_pods, portal_ice_cave_entry_ice_simulacra
D:13:     layout_stronghold, ximxim_vaults_locker_room, serial_column_ruins,
          column_ruins_hut, column_ruins_hut, column_ruins_corridor_straight,
          column_ruins_corridor_straight, column_ruins_grid_1,
          column_ruins_corridor_dead_end, column_ruins_open_medium,
          gammafunk_ghost_cemetery, minmay_hedge_maze
D:14:     layout_irregular_city, kennysheep_another_room, uniq_josephine,
          uniq_azrael
D:15:     gammafunk_depths_entry_grave, layout_stronghold,
          hangedman_abyss_or_decor_lesser_grid, nicolae_blasting_shop,
          ebering_dispersal_statue_hall
Lair:1:   layout_cave_pods, gauntlet_entry_generic, serial_bayou_shore_b,
          uniq_joseph, uniq_urug
Lair:2:   layout_chaotic_city, serial_bayou_pond_b, nicolae_lair_grazing_beasts
          [nicolae_sub_lair_graze_edge, nicolae_sub_lair_graze_edge,
          nicolae_sub_lair_graze_edge, nicolae_sub_lair_graze_edge],
          infiniplex_staircase_pool, uniq_harold
Lair:3:   layout_small_grid, elwin_shoals_entry_stream,
          minmay_snake_entry_six_corridors, uniq_rupert
Lair:4:   layout_gridlike, nicolae_slime_entry_field_trip, grunt_megastairs_3
Lair:5:   wormcave, layout_regular_city, kennysheep_snail_temple,
          grunt_megastairs_4
Orc:1:    layout_diamond_mine
Orc:2:    hellmonk_orc_salted, layout_diamond_mine, uniq_erolcha
Elf:1:    layout_geoelf_diagonals, serial_shops,
          nicolae_shop_overgrown_old_shop, shop, mu_enter_wizlab_3,
          hangedman_elf_represent, grunt_megastairs_2
Elf:2:    elven_hall_of_blades_hangedman_original
          [nicolae_blade_entry_splitting_headache], layout_geoelf_grid,
          david_defended_altar_elf, uniq_jorgrun

Skill      XL: |  1  2  3  4  5  6  7  8  9 10 11 12 13 14 15 16 |
---------------+-------------------------------------------------+-----
Axes           | 4 5 6 7 8 10 12 14 16 18 20 22 24 | 24.9
Fighting       | 4 5 6 7 8 9 10 12 13 14 16 17 | 17.5
Armour         | 3 4 5 8 9 11 12 14 15 16 17 | 17.7
Dodging        | 3 4 |  4.1
Evocations     | 3 4 6 7 |  7.1

Action                     |  1- 3 |  4- 6 |  7- 9 | 10-12 | 13-15 | 16-18 || total
---------------------------+-------+-------+-------+-------+-------+-------++-------
  Melee: Hand axe          |    78 |   121 |   185 |       |       |       ||   384
         Headbutt          |     5 |    17 |    64 |    74 |   152 |    30 ||   342
         Punch             |       |     3 |     4 |     1 |       |       ||     8
         War axe           |       |       |   177 |   122 |       |       ||   299
         Executioner's axe |       |       |       |   282 |   717 |   239 ||  1238
         Battleaxe         |       |       |       |    20 |       |       ||    20
 Invoke: Berserk           |     2 |     4 |     6 |    13 |    14 |     1 ||    40
         Trog's Hand       |       |       |     5 |     8 |     6 |     1 ||    20
         Brothers in Arms  |       |       |       |       |     1 |       ||     1
  Evoke: Wand              |       |       |       |     2 |       |       ||     2
         Box of beasts     |       |       |       |       |     2 |       ||     2
         Condenser vane    |       |       |       |       |     1 |     1 ||     2
         Phantom mirror    |       |       |       |       |     1 |       ||     1
    Use: Scroll            |     2 |     8 |     2 |    11 |    11 |       ||    34
         Potion            |       |       |     2 |     1 |     3 |     2 ||     8
   Stab: Petrified         |       |       |       |       |     2 |       ||     2
 Armour: Animal skin       |    18 |     1 |       |       |       |       ||    19
         Chain mail        |       |    54 |    74 |       |       |       ||   128
         Scale mail        |       |       |    64 |     1 |       |       ||    65
         Plate armour      |       |       |       |   234 |   430 |   101 ||   765
  Dodge: Dodged            |    54 |    72 |   128 |   162 |   306 |    64 ||   786
